 Dungeon Crawl Stone Soup version 0.24-a0-769-g368c164 (webtiles) character file.

Game seed: 15892532702948224603, levelgen mode: deterministic

44 2tousent the Ruffian (level 3, -5/28 HPs)
             Began as a Draconian Transmuter on Oct 4, 2019.
             Slain by a gnoll
             ... wielding a +0 halberd
              (11 damage)
             ... on level 2 of the Dungeon.
             The game lasted 00:03:10 (943 turns).

2tousent the Ruffian (Draconian Transmuter)          Turns: 943, Time: 00:03:10

Health: -5/28      AC:  5    Str: 13    XL:     3   Next: 39%
Magic:  6/6        EV: 12    Int: 13    God:
Gold:   92         SH:  0    Dex: 11    Spells: 5/6 levels left

rFire    . . .     SeeInvis .     - Unarmed
rCold    . . .     Gourm    .   (no shield)
rNeg     . . .     Faith    .   (armour unavailable)
rPois    .         Spirit   .   (helmet restricted)
rElec    .         Reflect  .   (no cloak)
rCorr    .         Harm     .   (no gloves)
MR       .....                  (boots currently unavailable)
Stlth    +.........             (no amulet)
HPRegen  0.09/turn              (no ring)
MPRegen  0.10/turn              (no ring)

@: appendage (expiring)
A: unfitting armour, talons 3, cold-blooded, AC +5
a: End Transformation


You were on level 2 of the Dungeon.
You were not hungry.
You had grown temporary talons.
You visited 1 branch of the dungeon, and saw 2 of its levels.

You collected 92 gold pieces.

Inventory:

Missiles
 a - 37 arrows
 j - 8 curare-tipped darts (quivered)
Scrolls
 b - 2 scrolls of teleportation {unknown}
 f - a scroll of enchant weapon {unknown}
 g - a scroll of identify {unknown}
 h - a scroll of magic mapping {unknown}
Potions
 d - 2 potions of curing {unknown}
 e - a potion of degeneration {unknown}
 i - a potion of ambrosia {unknown}
Comestibles
 c - a ration


   Skills:
 - Level 1.1 Fighting
 - Level 1.7 Dodging
 * Level 3.6 Unarmed Combat
 + Level 2.3 Spellcasting
 * Level 2.8 Transmutations


You had 5 spell levels left.
You knew the following spells:

 Your Spells              Type           Power        Failure   Level  Hunger
a - Beastly Appendage     Tmut           #.....       8%          1    #......

Your spell library contained the following spells:

 Spells                   Type           Power        Failure   Level  Hunger
 Sticks to Snakes         Tmut           #.......     12%         2    ###....
 Spider Form              Tmut/Pois      #.........   38%         3    ###....
 Ice Form                 Ice/Tmut       #.......     80%         4    #####..
 Blade Hands              Tmut           #.........   91%         5    ######.


Dungeon Overview and Level Annotations

Branches:
Dungeon (2/15)

Altars:


Innate Abilities, Weirdness & Mutations

Your plain brown scales are hard. (AC +5)
You cannot fit into any form of body armour.
You are cold-blooded and may be slowed by cold attacks.
You have claws for feet.


Message History

Your feet morph into talons.
The gnoll barely misses you.
A gnoll comes into view. It is wielding a +0 whip.
You hit the gnoll but do no damage. The gnoll hits you with a +0 halberd.
You hit the gnoll.
The gnoll is lightly wounded.
The gnoll misses you.
The gnoll hits you from afar with a +0 halberd!
You hit the gnoll.
The gnoll is moderately wounded.
The gnoll hits you with a +0 halberd!
* * * LOW HITPOINT WARNING * * *
The gnoll barely misses you.
You hit the gnoll. Your kick misses the gnoll.
The gnoll is heavily wounded.
The gnoll barely misses you.
Your transformation is almost over.
Found a leather armour.
The gnoll hits you from afar with a +0 halberd!
You die...

#####..####.#........####.#.##.#
#####..# #................#.#
##.....# #.........#####..#.#
##..÷..# #................#.#.
.....#.# #.........######.#.#.
#....#.## #..........# #.....
#....#..# #..........#######.#.
#....#).###.##.#.##.#..........#
......†.....##.#@##.#.##########
.......#....(....#..#.......#
........######.#g#.########.#
.......# ...#g#.# ......## #[.
#g#.###### .....# #.##
#.#......### ..... #.#
#g#......... ...## ..
#.##.....### #...g.......


You could see 4 gnolls.

Vanquished Creatures
  An ooze (D:2)
  A worm (D:2)
  2 leopard geckos
  2 giant cockroaches (D:2)
  3 goblins
  4 hobgoblins (D:1)
  7 kobolds
  9 bats
  3 frilled lizards
  2 rats
34 creatures vanquished.

Notes
Turn   | Place    | Note
-------+----------+-------------------------------------------
     0 | D:1      | 2tousent the Draconian Transmuter began the quest for the
                  | Orb.
     0 | D:1      | Reached XP level 1. HP: 16/16 MP: 3/3
   116 | D:1      | Reached XP level 2. HP: 15/23 MP: 3/5
   526 | D:2      | Reached XP level 3. HP: 16/28 MP: 6/6
   943 | D:2      | Slain by a gnoll

Levels and vault maps discovered:
D:1:      mrwooster_arrival_statue, layout_rooms
D:2:      layout_basic, first_ration, minmay_cut_off

Action                   || total
-------------------------++-------
Melee: Unarmed           ||   118
       Punch             ||     5
       Tailslap          ||     8
       Headbutt          ||     2
       Kick              ||     1
 Cast: Beastly Appendage ||     6
Armor: Skin              ||    75
Dodge: Dodged            ||   125

Table legend:
 A = Non-vault XP
 B = Vault XP
 C = Vault XP percentage of total XP
 D = Non-vault monster count
 E = Vault monster count
 F = Vault count percentage of total count
                 A         B        C        D         E       F
            +---------+---------+-------+---------+---------+-------
      Total |      57 |       6 |   9.5 |      31 |       3 |   8.8
            +---------+---------+-------+---------+---------+-------
        D:1 |      26 |       0 |   0.0 |      16 |       0 |   0.0
        D:2 |      31 |       6 |  16.2 |      15 |       3 |  16.7
            +---------+---------+-------+---------+---------+-------
